 Dungeon Crawl Stone Soup version 0.20.0-15-g7f486f2 (webtiles) character file.

53 miragecloak the Cudgeler (level 4, -5/35 HPs)
             Began as a Formicid Abyssal Knight on June 28, 2017.
             Was a Follower of Lugonu.
             Slain by a bullfrog (6 damage)
             ... on level 1 of the Dungeon.
             The game lasted 00:00:59 (2046 turns).

miragecloak the Cudgeler (Formicid Abyssal Knight)  Turns: 2046, Time: 00:01:00

Health: -5/35      AC:  3    Str: 17    XL:     4   Next: 10%
Magic:  5/5        EV: 11    Int: 11    God:    Lugonu [*.....]
Gold:   43         SH:  0    Dex: 11    Spells: 3/3 levels left

rFire    . . .     SeeInvis +   a - +1 mace
rCold    . . .     Gourm    .   (no shield)
rNeg     . . .     Faith    .   b - +0 leather armour
rPois    .         Spirit   .   (helmet unavailable)
rElec    .         Reflect  .   (no cloak)
rCorr    .         Harm     .   (no gloves)
MR       .....                  (no boots)
Stlth    +.........             (no amulet)
Regen    0.2/turn               (no ring)
MPRegen  0.1/turn               (no ring)

@: no status effects
A: permanent stasis, dig shafts and tunnels, four strong arms, antennae 3
a: Dig, Shaft Self, Depart the Abyss, Renounce Religion


You were on level 1 of the Dungeon.
You worshipped Lugonu.
Lugonu was aware of your devotion.
You were hungry.

You visited 1 branch of the dungeon, and saw 2 of its levels.
You visited the Abyss 1 time.

You collected 43 gold pieces.

Inventory:

Hand Weapons
 a - a +1 mace (weapon)
Armour
 b - a +0 leather armour (worn)
Jewellery
 f - a +3 ring of protection {unknown}
Scrolls
 d - a scroll of fear {unknown}
 e - a scroll of enchant weapon {unknown}
 g - a scroll of identify {unknown}
Potions
 h - a potion of might {unknown}
Comestibles
 c - a bread ration
 i - 3 fruits


   Skills:
 - Level 3.2 Fighting
 + Level 4.0 Maces & Flails
 - Level 2.1 Armour
 - Level 0.8 Dodging
 - Level 2.1 Invocations


You had 3 spell levels left.
You didn't know any spells.

Dungeon Overview and Level Annotations

Branches:
Dungeon (2/15)

Altars:


Innate Abilities, Weirdness & Mutations

You cannot be hasted, slowed, berserked, paralysed or teleported.
You can dig through walls and to a lower floor.
Your four strong arms can wield two-handed weapons with a shield.
You have a pair of large antennae on your head. (SInv)


Message History

You are too injured to fight recklessly!
You are too injured to fight recklessly!
You are too injured to fight recklessly!
You are too injured to fight recklessly!
You closely miss the bullfrog.
The bullfrog is heavily wounded.
The bullfrog barely misses you. The bullfrog hits you.
* * * LOW HITPOINT WARNING * * *
You closely miss the bullfrog.
The bullfrog is heavily wounded.
The bullfrog hits you.
* * * LOW HITPOINT WARNING * * *
The bullfrog hits you.
* * * LOW HITPOINT WARNING * * *
You sock the bullfrog!
The bullfrog is almost dead.
The bullfrog hits you.
* * * LOW HITPOINT WARNING * * *
The bullfrog hits you.
You die...

# #........##...........# #
#.#####.###.#.......#.#
#.#.#.......#.#####...#
######.#.#.............#.#.#
.....#...#...#####.###.#.#.#
####.###.#...............#.# #.#
#.#..######.###...#.#
####.###.#.....F#........#.#
................@..####..#.#
.###.###.######.#........#.# .#
#.# #.# #.#....###.#.# .# #.# #.#
#.#........#.# .# #.###.#
#.##.......#.# .# #.#...#
#..........#.#
.###.#.#############.#...#.######
.................................
.##.##..############.###.##.####.


You could see a bullfrog.

Vanquished Creatures
  An iguana (D:1)
  2 leopard geckos (D:1)
  2 bats (D:1)
  2 giant cockroaches (D:1)
  3 goblins (D:1)
  A hobgoblin (D:1)
  4 jackals (D:1)
  A kobold (D:1)
  A ball python (D:1)
  6 frilled lizards (D:1)
  A rat (D:1)
24 creatures vanquished.

Notes
Turn   | Place    | Note
-------+----------+-------------------------------------------
     0 | Abyss:1  | miragecloak the Formicid Abyssal Knight began the quest for the Orb.
     0 | Abyss:1  | Reached XP level 1. HP: 18/18 MP: 2/2
     2 | Abyss:1  | Found a corrupted altar of Lugonu.
    25 | Abyss:1  | Noticed a lorocyproca
    25 | D:1      | Escaped the Abyss
    94 | D:1      | Reached XP level 2. HP: 15/24 MP: 3/3
   643 | D:1      | Reached skill level 3 in Maces & Flails
   713 | D:1      | Reached * piety under Lugonu
   717 | D:1      | Reached XP level 3. HP: 7/29 MP: 4/4
  1669 | D:1      | Reached skill level 4 in Maces & Flails
  1669 | D:1      | Reached XP level 4. HP: 10/35 MP: 5/5
  1744 | D:1      | Noticed a bullfrog
  2046 | D:1      | HP: 1/35 [bullfrog (4)]
  2046 | D:1      | Slain by a bullfrog

Skill      XL: |  1  2  3 |
---------------+----------+-----
Maces & Flails | 3 4 |  4.0
Fighting       | |  3.2
Armour         | |  2.1
Dodging        | |  0.8
Invocations    | |  2.1

Action                   |  1- 3 |  4- 6 || total
-------------------------+-------+-------++-------
Melee: Mace              |    76 |     7 ||    83
Invok: Depart the Abyss  |     1 |       ||     1
  Eat: Chunk             |     2 |     1 ||     3
Armor: Leather armour    |    18 |     1 ||    19
Dodge: Dodged            |    66 |     4 ||    70
